 Dungeon Sprint DCSS version 0.27.1 (webtiles) character file.

Game seed: 6975816993371423422

5867 styxcanada the Imperceptible (level 10, -4/55 HPs)
             Began as a Spriggan Brigand on Aug 23, 2021.
             Was an Initiate of Gozag.
             Slain by a spriggan berserker (38 damage)
             ... in the Dungeon (Sprint IV: "Fedhas' Mad Dash").
             The game lasted 00:11:34 (1452 turns).

styxcanada the Imperceptible (Spriggan Brigand)     Turns: 1452, Time: 00:11:35

Health: -4/55      AC:  5    Str:  7    XL:     10   Next: 52%
Magic:  10/11      EV: 25    Int: 13    God:    Gozag
Gold:   306        SH:  8    Dex: 20    Spells: 4/9 levels left

rFire    . . .     SeeInvis +   a - +2 dagger (vorpal)
rCold    . . .     Faith    .   n - +0 buckler
rNeg     . . .     Spirit   .   b - +0 robe
rPois    .         Reflect  .   f - +2 hat
rElec    .         Harm     .   c - +0 cloak
rCorr    .         Rampage  .   (gloves unavailable)
Will     +....     NoTele   +   (boots unavailable)
Stlth    +++++++++.             l - amulet of invisibility {+Inv}
HPRegen  0.18/turn              (no ring)
MPRegen  0.12/turn              (no ring)

@: very slightly contaminated, studying Shields, invisible, very quick
A: very small, no large weapons, unfitting armour, see invisible, speed 3
a: Renounce Religion, Evoke Invisibility, Potion Petition, Call Merchant, Bribe
Branch


You were in the Dungeon.
You worshipped Gozag.
Gozag was aware of your devotion.
You visited 1 branch You collected 3110 gold pieces.
You spent 2804 gold pieces at shops.

Inventory:

Hand Weapons
 a - a +2 vorpal dagger (weapon)
 r - a +3 rapier of flaming
Missiles
 d - 8 poisoned darts (quivered)
 e - 2 curare-tipped darts
 o - 16 stones
Armour
 b - a +0 robe (worn)
 c - a +0 cloak (worn)
 f - a +2 hat (worn)
 n - a +0 buckler (worn)
Jewellery
 l - the amulet of invisibility (around neck) {+Inv}
   (You found it in the Dungeon)

   [amulet of nothing]

   +Inv:      It lets you turn invisible.
 m - an amulet of guardian spirit
 q - a +4 ring of protection
 v - a ring of ice
Scrolls
 k - 2 scrolls of blinking
 t - 2 scrolls of amnesia
 u - 3 scrolls of immolation
 w - a scroll of identify
Potions
 g - a potion of heal wounds
 h - a potion of haste
 i - 2 potions of magic
 j - a potion of berserk rage
 s - a potion of brilliance
Miscellaneous
 p - a lightning rod (1/4)


   Skills:
 * Level 7.1 Fighting
 + Level 5.7 Short Blades
 + Level 3.7 Throwing
 * Level 10.2 Dodging
 * Level 24.5 Stealth
 * Level 5.7 Shields
 * Level 13.2 Evocations


You had 4 spell levels left.
You knew the following spells:

 Your Spells              Type           Power      Damage    Failure   Level
a - Slow                  Hex            0%         N/A       45%         2
b - Confusing Touch       Hex            0%         N/A       71%         3

Your spell library contained the following spells:

 Spells                   Type           Power      Damage    Failure   Level
 Beastly Appendage        Tmut           0%         N/A       34%         1
 Wereblood                Tmut           0%         N/A       45%         2
 Spider Form              Tmut/Pois      0%         N/A       71%         3
 Vampiric Draining        Necr           0%         2d6       71%         3


Dungeon Overview and Level Annotations

Branches:
Dungeon (1/1)

Altars:
Cheibriados
Dithmenos
Elyvilon
Gozag
Hepliaklqana
Kikubaaqudgha
Makhleb
Nemelex Xobeh
Okawaru
Qazlal
Ru
Sif Muna
Trog
Uskayaw
Vehumet
Wu Jian
Xom
Yredelemnul
Zin
The Shining One
Beogh
Jiyva
Lugonu

Shops:
D ?[[(*[!:

Annotations:
D Agnes


Innate Abilities, Weirdness & Mutations

You are very small and have problems with some larger weapons.
You are too small for most types of armour.
You have supernaturally acute eyesight. (SInv)
You cover ground extremely quickly. (Speed+++)


Message History

The spriggan berserker barely misses you.
A spriggan defender comes into view. It is wielding a +6 quick blade.
Found a tiny pearl amulet.
Aiming: Thunderbolt
Press: ? - help, Shift-Dir - straight line, f - Agnes
Aim: Agnes, wielding a +2 vampiric lajatang and wearing a +2 robe of positive energy The thunderbolt hits Agnes!
Agnes is lightly wounded.
The thunderbolt hits the spriggan berserker!
The spriggan berserker is moderately wounded.
The spriggan defender shouts!
The spriggan berserker rages.
The spriggan berserker barely misses you.
Aiming: Thunderbolt
Press: ? - help, Shift-Dir - straight line, f/p - Agnes
Aim: Agnes, wielding a +2 vampiric lajatang and wearing a +2 robe of positive energy (lightly wounded)
The thunderbolt hits Agnes!!
Agnes is moderately wounded.
The thunderbolt hits the spriggan berserker!
The spriggan berserker is moderately wounded.
You block the spriggan berserker's attack.
Agnes completely misses you.
The spriggan berserker hits you with a +0 war axe!!
* * * LOW HITPOINT WARNING * * *
Aiming: Thunderbolt
Press: ? - help, Shift-Dir - straight line, f/p - Agnes
Aim: Agnes, wielding a +2 vampiric lajatang and wearing a +2 robe of positive energy (moderately wounded)
The thunderbolt hits Agnes!
Agnes is heavily wounded.
The thunderbolt hits the spriggan berserker!!
The spriggan berserker is severely wounded.
Agnes hits you with a +2 vampiric lajatang.
* * * LOW HITPOINT WARNING * * *
The spriggan berserker closely misses you.
Agnes completely misses you.
You feel much better. Agnes completely misses you.
The spriggan berserker hits you with a +0 war axe!!!
Ouch! That really hurt!
You die...
Your body crumbles into a pile of gold.

_._._._.⌠.#################...∩#
###############......###.....♣.#
♣♣..♣(###.'.['.......'.))..♣..∩#
..♣..♣##..#..#.P.....###########
♣♣.♣).###.##'##.P....#
.♣...♣'...#♣.♣########
###########.....####
###..♣..♣i.i.# ####...♣....i@♣..
.........♣.....∩.∩..."
..#################### $$ $$


You could see Agnes, a spriggan defender and a spriggan berserker (berserk).

Vanquished Creatures
  A spriggan druid (D)
  6 oklob plants (D)
  A demonic crawler (D)
  A queen bee (D)
  3 wandering mushrooms (D)
  3 burning bushes (D)
  A hornet (D)
  3 scorpions (D)
  4 killer bees (D)
  5 oklob saplings (D)
  5 spriggans (D)
  A river rat (D)
  A rat (D)
  A ballistomycete spore (D)
36 creatures vanquished.

Notes
Turn   | Place    | Note
-------+----------+-------------------------------------------
     0 | D        | styxcanada the Spriggan Brigand began the quest for the
                  | Orb.
     0 | D        | Reached XP level 1. HP: 10/10 MP: 2/2
     9 | D        | Reached skill level 7 in Stealth
     9 | D        | Reached XP level 2. HP: 15/15 MP: 3/3
    11 | D        | Reached skill level 8 in Stealth
    17 | D        | Noticed an oklob sapling
    19 | D        | Killed an oklob sapling
    20 | D        | Reached skill level 10 in Stealth
    20 | D        | Reached XP level 3. HP: 18/18 MP: 4/4
    21 | D        | Noticed a scorpion
    21 | D        | Found the amulet of invisibility {+Inv}
    23 | D        | Killed a scorpion
    24 | D        | Reached skill level 12 in Stealth
    24 | D        | Reached XP level 4. HP: 23/23 MP: 5/5
    50 | D        | Found an opulent altar of Gozag.
    50 | D        | Found a hazy altar of Hepliaklqana.
    50 | D        | Found a burning altar of Makhleb.
    50 | D        | Found a sparkling altar of Nemelex Xobeh.
    50 | D        | Found a sacrificial altar of Ru.
    50 | D        | Found a shimmering blue altar of Sif Muna.
    50 | D        | Found an ornate altar of the Wu Jian Council.
    50 | D        | Found a shimmering altar of Xom.
    50 | D        | Found a basalt altar of Yredelemnul.
    51 | D        | Found a viscous altar of Jiyva.
    51 | D        | Found a snail-covered altar of Cheibriados.
    51 | D        | Found a bloodstained altar of Trog.
    52 | D        | Found an iron altar of Okawaru.
    52 | D        | Found a shadowy altar of Dithmenos.
    52 | D        | Found a glowing silver altar of Zin.
    53 | D        | Found an ancient bone altar of Kikubaaqudgha.
    53 | D        | Found a hide-covered altar of Uskayaw.
    54 | D        | Found a stormy altar of Qazlal.
    54 | D        | Found a white marble altar of Elyvilon.
    54 | D        | Found a glowing golden altar of the Shining One.
    55 | D        | Became a worshipper of Gozag Ym Sagoz the Greedy
    56 | D        | Found a corrupted altar of Lugonu.
    56 | D        | Found a radiant altar of Vehumet.
    62 | D        | Reached skill level 13 in Stealth
    62 | D        | Reached skill level 1 in Evocations
    62 | D        | Reached XP level 5. HP: 28/28 MP: 3/6
   104 | D        | Reached skill level 14 in Stealth
   111 | D        | Reached skill level 5 in Dodging
   111 | D        | Reached skill level 15 in Stealth
   113 | D        | Reached XP level 6. HP: 32/32 MP: 5/7
   140 | D        | Found Voeromec's Armour Shop.
   141 | D        | Found Hazxany's Magic Scroll Emporium.
   146 | D        | Bought a scroll of identify for 26 gold pieces
   146 | D        | Bought a scroll of brand weapon for 260 gold pieces
   175 | D        | Noticed a burning bush
   175 | D        | Noticed a wandering mushroom
   176 | D        | Noticed a wandering mushroom
   179 | D        | Killed a burning bush
   180 | D        | Reached skill level 17 in Stealth
   180 | D        | Reached skill level 1 in Shields
   180 | D        | Killed a wandering mushroom
   181 | D        | Reached skill level 18 in Stealth
   181 | D        | Reached skill level 5 in Evocations
   181 | D        | Reached XP level 7. HP: 38/38 MP: 5/8
   181 | D        | Killed a wandering mushroom
   182 | D        | Reached skill level 19 in Stealth
   196 | D        | Found Doufyed's Armour Emporium.
   196 | D        | Found Locvojie's Assorted Antiques.
   204 | D        | Bought a bubbling yellow potion for 19 gold pieces
   204 | D        | Bought 2 scrolls labelled AKAPUNAPYE for 44 gold pieces
   204 | D        | Bought a scroll labelled REGACZEALE for 22 gold pieces
   204 | D        | Bought a scroll labelled REGACZEALE for 22 gold pieces
   204 | D        | Bought a scroll labelled NAQEMYA ZATTA for 22 gold pieces
   204 | D        | Bought a scroll of identify for 44 gold pieces
   261 | D        | Noticed a queen bee
   275 | D        | Reached XP level 8. HP: 33/42 MP: 9/9
   285 | D        | Reached skill level 5 in Fighting
   298 | D        | Killed a queen bee
   299 | D        | Reached skill level 20 in Stealth
   348 | D        | Bought a scroll of acquirement for 676 gold pieces
   348 | D        | Acquired 687 gold pieces
   350 | D        | Bought a scroll of acquirement for 676 gold pieces
   350 | D        | Acquired a +1 hat
   567 | D        | Noticed a burning bush
   571 | D        | Killed a burning bush
   591 | D        | Noticed an oklob plant
   594 | D        | Killed an oklob plant
   595 | D        | Reached skill level 5 in Short Blades
   595 | D        | Reached skill level 21 in Stealth
   595 | D        | Reached XP level 9. HP: 48/48 MP: 10/10
   634 | D        | Noticed a burning bush
   634 | D        | Noticed an oklob plant
   635 | D        | Noticed a wandering mushroom
   636 | D        | Killed a burning bush
   641 | D        | Killed an oklob plant
   642 | D        | Reached skill level 22 in Stealth
   642 | D        | Reached skill level 10 in Evocations
   645 | D        | Killed a wandering mushroom
   708 | D        | Noticed a spriggan druid
   710 | D        | Killed a spriggan druid
   711 | D        | Reached skill level 23 in Stealth
   940 | D        | Noticed an oklob plant conjurer
   941 | D        | Killed an oklob plant conjurer
  1015 | D        | Noticed an oklob plant
  1015 | D        | Noticed an oklob plant summoner
  1016 | D        | Noticed an oklob plant shifter
  1020 | D        | Killed an oklob plant
  1021 | D        | Reached XP level 10. HP: 53/53 MP: 8/11
  1022 | D        | Killed an oklob plant summoner
  1025 | D        | Killed an oklob plant shifter
  1026 | D        | Reached skill level 5 in Shields
  1082 | D        | Reached skill level 24 in Stealth
  1152 | D        | Bought a scroll of acquirement for 676 gold pieces
  1152 | D        | Bought a scroll of enchant armour for 97 gold pieces
  1152 | D        | Acquired a manual of Shields
  1224 | D        | Noticed a spriggan rider
  1225 | D        | Found Xumpoga's Distillery.
  1235 | D        | Reached skill level 10 in Dodging
  1235 | D        | Killed a spriggan rider
  1245 | D        | Found Coabir's Book Shoppe.
  1262 | D        | Bought a book of Debilitation for 220 gold pieces
  1265 | D        | Learned a level 2 spell: Slow
  1269 | D        | Learned a level 3 spell: Confusing Touch
  1433 | D        | Noticed Agnes
  1435 | D        | Found Jaul's Armour Emporium.
  1435 | D        | Noticed a spriggan berserker
  1444 | D        | Found Mizocoac's Weapon Shoppe.
  1447 | D        | Noticed a spriggan defender
  1452 | D        | Slain by a spriggan berserker

Illustrated notes

Levels and vault maps discovered:
D:        dungeon_sprint_fedhas [sprint_temple]

Skill      XL: |  1  2  3  4  5  6  7  8  9 10 |
---------------+-------------------------------+-----
Fighting       | 2 3 4 5 6 7 |  7.1
Dodging        | 2 3 4 5 6 7 8 9 10 | 10.2
Stealth        | 7 10 12 13 15 18 19 21 23 24 | 24.5
Short Blades   | 3 4 5 |  5.7
Evocations     | 1 3 5 8 11 13 | 13.2
Throwing       | 3 |  3.7
Shields        | 2 3 4 5 |  5.7

Action                   |  1- 3 |  4- 6 |  7- 9 | 10-12 || total
-------------------------+-------+-------+-------+-------++-------
Melee: Dagger            |     4 |     7 |    40 |     6 ||    57
 Abil: Evoke Invisibilit |       |     3 |     7 |     3 ||    13
Evoke: Lightning rod     |       |       |       |     8 ||     8
  Use: Scroll            |       |     1 |     6 |     2 ||     9
       Potion            |       |       |     1 |     1 ||     2
 Stab: Sleeping          |     4 |     7 |    13 |     3 ||    27
       Invisible         |       |       |     5 |       ||     5
Dodge: Dodged            |       |       |    42 |     9 ||    51
Block: Buckler           |       |       |    10 |     4 ||    14
